Map: Triton LE

Players

DRG

  • Race: Zerg Zerg
  • League: Master
  • Spawn Location: 5:00

soO - Winner!

  • Race: Zerg Zerg
  • Spawn Location: 11:00

VOD

Have the link to the VOD?

Description

Time

  • Played on: Jan. 16, 2020, 6:18 a.m.
  • Length: 9:14
Show
View Real Time Build Order
Export as new Build Order

DRG Zerg 

Build Orders: Hatch First, Zergling Baneling 

Get SALT Encoding   

  12  0:00  Drone  
  13  0:12  Overlord  
  13  0:17  Drone  
  14  0:30  Drone x2  
  16  0:47  Hatchery  
  15  0:50  Drone  
  15  0:54  Drone  
  17  0:57  Drone  
  18  1:08  Extractor  
  17  1:12  Spawning Pool  
  17  1:15  Drone  
  18  1:18  Drone  
  18  1:27  Drone  
  19  1:39  Drone  
  20  1:49  Drone  
  21  1:59  Queen x2  
  21  2:00  Drone, Overlord  
  26  2:07  Metabolic Boost  
  26  2:10  Drone x2  
  28  2:21  Drone x2  
  30  2:32  Hatchery  
  30  2:34  Zergling x2  
  30  2:35  Zergling x2  
  31  2:38  Evolution Chamber  
  31  2:42  Drone  
  31  2:47  Overlord  
  31  2:54  Drone  
  31  2:55  Drone  
  33  3:04  Zerg Melee Weapons Level 1  
  33  3:07  Drone x4  
  33  3:09  Drone  
  33  3:10  Drone  
  33  3:12  Drone  
  40  3:15  Drone  
  41  3:22  Baneling Nest  
  41  3:23  Overlord  
  40  3:27  Zergling x4  
  40  3:30  Overlord  
  40  3:33  Extractor  
  41  3:39  Zergling x2  
  41  3:40  Zergling x4  
  44  3:45  Zergling x8  
  47  3:49  Queen  
  50  3:58  Zergling x6  
  53  4:07  Zergling x6  
  54  4:10  Zergling x2  
  54  4:15  Zergling x12  
  61  4:18  Overlord  
  61  4:24  Zergling x2  
  62  4:27  Zergling x2  
  62  4:30  Zergling x2  
  64  4:34  Zergling x2  
  64  4:38  Zergling x2  
  64  4:41  Zergling x2  
  63  4:45  Zergling x12  
  63  4:47  Baneling  
  63  4:48  Baneling x8  
  63  4:51  Zergling x6  
  70  4:59  Zergling x2  
  65  5:01  Baneling x2  
  62  5:11  Zergling x14  
  58  5:21  Zergling x4  
  58  5:24  Zergling x2  
  58  5:25  Zergling x12  
  60  5:29  Roach Warren  
  60  5:33  Extractor, Drone x2  
  60  5:34  Drone  
  59  5:36  Extractor  
  59  5:38  Zerg Missile Weapons Level 1  
  58  5:47  Drone x3  
  61  5:55  Overlord  
  62  5:57  Drone x2  
  62  6:02  Drone x9  
  72  6:07  Baneling x2  
  72  6:10  Overlord  
  71  6:12  Roach  
  71  6:16  Roach  
  75  6:19  Roach x2  
  75  6:20  Extractor  
  75  6:21  Roach  
  80  6:31  Roach x4  
  87  6:38  Roach, Queen  
  87  6:39  Overlord  
  88  6:43  Drone x2  
  88  6:45  Overlord  
  90  6:50  Lair  
  84  6:59  Drone x8  
  92  7:02  Drone x2  
  92  7:04  Drone x2  
  92  7:06  Drone  
  97  7:10  Drone  
  97  7:14  Drone  
  97  7:15  Extractor, Drone  
  99  7:16  Extractor  
  99  7:18  Drone x3  
  99  7:22  Overlord  
  101  7:24  Pneumatized Carapace  
  101  7:25  Overlord  
  101  7:30  Overlord  
  101  7:32  Overlord  
  101  7:33  Roach x2  
  101  7:36  Overlord  
  105  7:39  Overlord x2  
  105  7:44  Roach  
  107  7:47  Roach x4  
  107  7:48  Glial Reconstitution  
  115  7:57  Overseer  
  115  8:00  Roach x4  
  123  8:06  Roach x3  
  123  8:10  Drone  
  129  8:18  Roach x4  
  137  8:22  Roach  
  137  8:25  Roach  
  141  8:27  Ravager x3  
  141  8:28  Roach  
  141  8:31  Roach  
  148  8:35  Roach x2  
  148  8:36  Overlord x2  
  148  8:38  Roach, Overlord  
  152  8:47  Roach x3  
  146  8:50  Roach  
  146  8:51  Roach x2  
  146  8:54  Roach  
Show
View Real Time Build Order
Export as new Build Order

soO Zerg - Winner!

Build Orders: Hatch First 

Get SALT Encoding   

  12  0:00  Drone  
  13  0:13  Overlord  
  13  0:17  Drone  
  14  0:31  Drone x2  
  16  0:48  Hatchery  
  15  0:51  Drone  
  15  0:54  Drone  
  17  0:58  Drone  
  18  1:08  Extractor  
  17  1:13  Spawning Pool  
  17  1:16  Drone  
  17  1:19  Drone  
  18  1:28  Drone  
  19  1:39  Drone  
  20  1:50  Overlord  
  20  1:59  Queen x2  
  20  2:01  Zergling x2, Drone  
  26  2:11  Drone x2, Metabolic Boost  
  28  2:21  Drone  
  28  2:22  Drone  
  30  2:32  Hatchery  
  30  2:35  Drone  
  30  2:38  Drone  
  31  2:45  Drone  
  31  2:46  Drone  
  31  2:48  Queen  
  35  2:54  Baneling Nest  
  35  2:58  Overlord  
  34  3:02  Drone  
  35  3:09  Drone  
  35  3:16  Drone x4  
  35  3:18  Zergling x6  
  42  3:25  Overlord  
  42  3:29  Zergling x2  
  42  3:31  Evolution Chamber  
  42  3:38  Drone  
  42  3:39  Baneling  
  43  3:43  Drone  
  43  3:46  Drone  
  43  3:47  Drone  
  46  3:49  Zergling x2  
  46  3:52  Drone  
  46  3:53  Overlord  
  46  3:54  Drone  
  49  3:56  Zergling x2  
  49  3:57  Zerg Missile Weapons Level 1  
  49  4:01  Drone x2  
  49  4:02  Roach Warren  
  51  4:07  Drone  
  51  4:08  Drone  
  53  4:12  Baneling x2  
  53  4:14  Drone x3  
  53  4:16  Extractor  
  55  4:17  Extractor  
  55  4:22  Zergling x14  
  61  4:32  Overlord  
  61  4:34  Overlord  
  59  4:43  Baneling  
  59  4:45  Zergling x2, Roach x4  
  65  4:46  Baneling x2  
  65  4:50  Zergling x4  
  65  4:51  Zergling x2  
  65  4:52  Zergling x2, Roach  
  71  4:54  Baneling  
  71  4:58  Roach  
  72  5:01  Baneling  
  72  5:04  Roach  
  72  5:05  Roach  
  74  5:08  Roach  
  74  5:11  Roach  
  74  5:14  Zergling x10  
  74  5:18  Roach x2  
  74  5:20  Roach  
  79  5:24  Roach  
  79  5:27  Roach  
  80  5:29  Zergling x2  
  80  5:34  Baneling x2  
  80  5:35  Zergling x2  
  82  5:38  Overlord  
  82  5:54  Lair  
  82  5:56  Overlord  
  82  5:57  Overlord  
  82  5:58  Drone x6  
  88  6:05  Drone, Baneling x2  
  88  6:08  Drone  
  88  6:09  Overlord  
  90  6:12  Overlord  
  90  6:15  Drone x2, Overlord  
  90  6:17  Drone x3  
  95  6:19  Drone x3  
  95  6:22  Drone x2  
  100  6:30  Drone  
  98  6:42  Drone  
  98  6:43  Drone x4  
  98  6:44  Roach x2  
  98  6:45  Extractor x2, Roach x2  
  109  6:47  Roach x2  
  109  6:48  Roach x3  
  109  6:53  Overlord  
  118  6:55  Glial Reconstitution  
  118  6:58  Roach x3  
  121  7:03  Overseer  
  121  7:13  Roach  
  121  7:14  Roach x3  
  129  7:19  Roach x2  
  129  7:21  Overlord  
  133  7:24  Roach x2  
  133  7:26  Overlord  
  137  7:31  Overlord  
  137  7:32  Overseer  
  137  7:34  Overlord  
  137  7:36  Overlord  
  137  7:38  Overlord  
  137  7:41  Roach x4  
  137  7:44  Overlord  
  145  7:45  Roach x3  
  145  7:46  Roach  
  153  7:52  Overlord  
  153  7:55  Roach x3  
  159  8:01  Roach x2  
  159  8:05  Roach x2  
  167  8:08  Overlord  
  167  8:10  Roach x5  
  177  8:16  Roach x4  
  177  8:19  Roach  
  189  8:20  Roach  
  189  8:29  Roach  
  189  8:30  Roach  
  191  8:37  Ravager  
  191  8:38  Ravager  
  191  8:40  Overlord  
  193  8:43  Overlord  
  193  8:45  Roach  
  193  8:46  Roach  
  191  8:49  Roach  
  191  8:50  Roach x2  
  191  8:52  Roach x2  
  191  8:53  Roach x2  
  191  8:55  Roach  
Tags
 
Add a new tag
Caveats
  • Supply blocks, unpowered buildings, or Contaminate may cause inaccurate times.
  • Supply counts are checked every 10 seconds.